 Dungeon Crawl Stone Soup version 0.25-a0-108-gda8bd6cf83 (webtiles) character file.

Game seed: 10011086691875434767, levelgen mode: deterministic

5102 Ijustatesigmund the Blocker (level 10, -2/82 HPs)
             Began as a Gnoll Fighter on Nov 18, 2019.
             Was an Initiate of Cheibriados.
             Slain by a very large slime creature (31 damage)
             ... on level 10 of the Dungeon.
             The game lasted 00:16:48 (9906 turns).

Ijustatesigmund the Blocker (Gnoll Fighter)         Turns: 9906, Time: 00:16:49

Health: -2/82      AC: 19    Str: 23    XL:     10   Next: 57%
Magic:  0/17       EV: 10    Int: 13    God:    Cheibriados [......]
Gold:   257        SH: 12    Dex: 16    Spells: 19/19 levels left

rFire    . . .     SeeInvis .   F - +3 morningstar (holy)
rCold    . . .     Gourm    .   c - +0 shield
rNeg     . . .     Faith    .   b - +0 chain mail
rPois    .         Spirit   +   i - +0 helmet
rElec    .         Reflect  .   o - +0 cloak
rCorr    .         Harm     .   z - +0 pair of gloves
MR       +....                  k - +1 pair of boots
Stlth    ..........             l - amulet of guardian spirit
HPRegen  0.23/turn              D - +4 ring of strength
MPRegen  0.15/turn              (no ring)

@: very slow
A: distributed training, fangs 1, thin metallic scales 1, blurry vision 1, magic
resistance 1, weak 1, strong nose
a: Bend Time, Renounce Religion


You were on level 10 of the Dungeon.
You worshipped Cheibriados.
Cheibriados was noncommittal.
You were hungry.

You visited 2 branches of the dungeon, and saw 11 of its levels.

You collected 401 gold pieces.
You spent 144 gold pieces at shops.

Inventory:

Hand Weapons
 a - a +0 flail of protection
 F - a +3 morningstar of holy wrath (weapon)
Armour
 b - a +0 chain mail (worn)
 c - a +0 shield (worn)
 i - a +0 helmet (worn)
 k - a +1 pair of boots (worn)
 o - a +0 cloak (worn)
 z - a +0 pair of gloves (worn)
Jewellery
 l - an amulet of guardian spirit (around neck)
 x - an uncursed ring of fire
 D - a +4 ring of strength (left hand)
Wands
 p - a wand of digging (5)
 t - a wand of enslavement (6)
 w - a wand of random effects (50)
 A - a wand of iceblast (6)
Scrolls
 h - 2 scrolls of remove curse
 y - a scroll of blinking
Potions
 d - a potion of agility
 e - a potion of resistance
 g - a potion of magic
 j - 5 potions of curing
 m - a potion of cancellation
 n - a potion of flight
 q - 2 potions of berserk rage {unknown}
 r - a potion of heal wounds
 u - a potion of ambrosia {unknown}
 B - a potion of experience {unknown}
 C - a potion of invisibility
Comestibles
 f - 24 rations


   Skills:
 + Level 8.5 Fighting
 + Level 5.3 Short Blades
 + Level 5.3 Long Blades
 + Level 5.3 Axes
 + Level 7.1 Maces & Flails
 + Level 5.3 Polearms
 + Level 5.3 Staves
 + Level 5.3 Slings
 + Level 5.3 Bows
 + Level 5.3 Crossbows
 + Level 5.3 Throwing
 + Level 8.5 Armour
 + Level 5.3 Dodging
 + Level 5.3 Stealth
 + Level 8.5 Shields
 + Level 5.3 Unarmed Combat
 + Level 5.3 Spellcasting
 + Level 4.4 Conjurations
 + Level 4.4 Hexes
 + Level 4.4 Charms
 + Level 4.4 Summonings
 + Level 4.4 Necromancy
 + Level 4.4 Translocations
 + Level 4.4 Transmutations
 + Level 4.4 Fire Magic
 + Level 4.4 Ice Magic
 + Level 4.4 Air Magic
 + Level 4.4 Earth Magic
 + Level 4.4 Poison Magic
 + Level 5.8 Invocations
 + Level 5.3 Evocations


You had 19 spell levels left.
You didn't know any spells.
Your spell library contained the following spells:

 Spells                   Type           Power        Failure   Level  Hunger
 Summon Small Mammal      Summ           ##..         38%         1    None
 Call Imp                 Summ           ##......     54%         2    ##.....
 Call Canine Familiar     Summ           ##......     77%         3    ###....
 Summon Guardian Golem    Hex/Summ       ##......     77%         3    ###....
 Summon Ice Beast         Ice/Summ       ##......     99%         4    ####...
 Summon Lightning Spire   Summ/Air       ##......     99%         4    ####...


Dungeon Overview and Level Annotations

Branches:
Dungeon (10/15)            Temple (1/1) D:5            Lair (0/6) D:8
    Orc: D:9-12

Altars:
Ashenzari
Cheibriados
Dithmenos
Elyvilon
Fedhas
Gozag
Hepliaklqana
Kikubaaqudgha
Makhleb
Nemelex Xobeh
Okawaru
Qazlal
Ru
Sif Muna
Trog
Uskayaw
Vehumet
Wu Jian
Xom
Yredelemnul
Zin
The Shining One

Shops:
D:4 !


Innate Abilities, Weirdness & Mutations

Your experience applies equally to all skills.
You have very sharp teeth.
Your uncanny sense of smell can sniff out nearby items.
You are partially covered in thin metallic scales. (AC +2)
Scrolls take you a little longer to read.
You are resistant to hostile enchantments. (MR+)
You are weak. (Str -2)


Message History

The very large slime creature hits you!!
You hit the very large slime creature. You bite the very large slime creature.
The very large slime creature is heavily wounded.
The very large slime creature hits you!!
* * * LOW HITPOINT WARNING * * *
Your shield and chain mail prevent you from hitting the very large slime creature.
Your bite misses the very large slime creature.
The very large slime creature is heavily wounded.
You block the very large slime creature's attack.
Really read with blurry vision while enemies are nearby?
The very large slime creature hits you!
* * * LOW HITPOINT WARNING * * *
You begin reading the scroll.
You continue reading the scroll.
You block the very large slime creature's attack.
As you read the scroll of fear, it crumbles to dust.
You assume a fearsome visage.
The very large slime creature resists with some effort.
You feel much better.
The very large slime creature hits you!!
You die...

##########.#
#.# ∆ #.#
#.# #.# #.#
#.# #.# #@#
#J# #.# ...
... .....
...?.
.......


You could see a very large slime creature.

Vanquished Creatures
  Psyche (D:8)
  A komodo dragon (D:8)
  A troll (D:9)
  A slime creature (D:10)
  3 ice beasts
  2 orc warriors
  7 ogres
  A phantom (D:8)
  7 sky beasts
  A centaur (D:7)
  A big kobold (D:7)
  A bullfrog (D:9)
  2 scorpions (D:7)
  7 killer bees
  4 wights (D:7)
  2 howler monkeys (D:6)
  A centaur zombie (D:9)
  2 crimson imps
  5 hounds
  A jelly (D:5)
  7 orc priests
  Crazy Yiuf (D:2)
  4 bullfrog skeletons
  13 orc wizards
  4 iguanas
  4 worker ants
  A hound zombie (D:8)
  A worker ant zombie (D:8)
  11 adders
  3 shadow imps
  2 oozes
  2 adder zombies
  2 adder skeletons (D:9)
  A worm (D:3)
  2 dart slugs
  8 leopard geckos
  39 orcs
  A ball python (D:1)
  8 giant cockroaches
  6 goblins
  13 hobgoblins
  17 jackals
  13 kobolds
  3 quokkas
  A ball python skeleton (D:5)
  7 bats
  3 frilled lizards
  2 leopard gecko skeletons
  12 rats
242 creatures vanquished.

Vanquished Creatures (others)
  4 plants (D:8)
4 creatures vanquished.

Grand Total: 246 creatures vanquished

Notes
Turn   | Place    | Note
-------+----------+-------------------------------------------
     0 | D:1      | Ijustatesigmund the Gnoll Fighter began the quest for the
                  | Orb.
     0 | D:1      | Reached XP level 1. HP: 23/23 MP: 1/1
   107 | D:1      | Reached XP level 2. HP: 13/29 MP: 2/2
   463 | D:1      | Reached XP level 3. HP: 35/35 MP: 3/3
   825 | D:1      | Reached skill level 1 in Invocations
  1182 | D:2      | Reached skill level 1 in Short Blades
  1182 | D:2      | Reached skill level 1 in Long Blades
  1182 | D:2      | Reached skill level 1 in Axes
  1182 | D:2      | Reached skill level 1 in Polearms
  1182 | D:2      | Reached skill level 1 in Staves
  1182 | D:2      | Reached skill level 1 in Slings
  1182 | D:2      | Reached skill level 1 in Bows
  1182 | D:2      | Reached skill level 1 in Crossbows
  1182 | D:2      | Reached skill level 1 in Throwing
  1182 | D:2      | Reached skill level 1 in Dodging
  1182 | D:2      | Reached skill level 1 in Stealth
  1182 | D:2      | Reached skill level 1 in Unarmed Combat
  1182 | D:2      | Reached skill level 1 in Spellcasting
  1182 | D:2      | Reached skill level 1 in Evocations
  1334 | D:2      | Reached XP level 4. HP: 41/41 MP: 5/5
  1587 | D:2      | Reached skill level 1 in Conjurations
  1587 | D:2      | Reached skill level 1 in Hexes
  1587 | D:2      | Reached skill level 1 in Charms
  1587 | D:2      | Reached skill level 1 in Summonings
  1587 | D:2      | Reached skill level 1 in Necromancy
  1587 | D:2      | Reached skill level 1 in Translocations
  1587 | D:2      | Reached skill level 1 in Transmutations
  1587 | D:2      | Reached skill level 1 in Fire Magic
  1587 | D:2      | Reached skill level 1 in Ice Magic
  1587 | D:2      | Reached skill level 1 in Air Magic
  1587 | D:2      | Reached skill level 1 in Earth Magic
  1587 | D:2      | Reached skill level 1 in Poison Magic
  1869 | D:2      | Found an ornate altar of the Wu Jian Council.
  2010 | D:2      | Found a runed translucent door.
  2011 | D:2      | Noticed Crazy Yiuf
  2017 | D:2      | Killed Crazy Yiuf
  2017 | D:2      | Reached XP level 5. HP: 38/47 MP: 5/7
  2491 | D:3      | Found an ancient bone altar of Kikubaaqudgha.
  2493 | D:3      | Found a blossoming altar of Fedhas.
  2668 | D:3      | Noticed a sky beast
  2688 | D:3      | Killed a sky beast
  2688 | D:3      | Reached XP level 6. HP: 40/53 MP: 8/8
  3218 | D:3      | Reached skill level 5 in Maces & Flails
  3351 | D:4      | Reached XP level 7. HP: 49/59 MP: 10/10
  3360 | D:4      | Found Foib's Distillery.
  3363 | D:4      | Bought a potion of heal wounds for 60 gold pieces
  3479 | D:4      | Found a burning altar of Makhleb.
  3761 | D:4      | Found a shattered altar of Ashenzari.
  4004 | D:4      | Bought a potion of curing for 36 gold pieces
  4004 | D:4      | Bought a potion of agility for 48 gold pieces
  4268 | D:5      | Entered Level 5 of the Dungeon
  4345 | D:5      | Reached XP level 8. HP: 67/67 MP: 12/12
  4677 | D:5      | Found a staircase to the Ecumenical Temple.
  5313 | D:6      | Found an ancient bone altar of Kikubaaqudgha.
  5380 | D:6      | Found a shimmering blue altar of Sif Muna.
  5489 | D:6      | Reached XP level 9. HP: 68/72 MP: 14/14
  5819 | Temple   | Entered the Ecumenical Temple
  6110 | D:6      | Gained mutation: Scrolls take you a little longer to read.
                  | [potion of mutation]
  6110 | D:6      | Gained mutation: You are weak. (Str -2) [potion of
                  | mutation]
  6110 | D:6      | Gained mutation: You are resistant to hostile enchantments.
                  | (MR+) [potion of mutation]
  6110 | D:6      | Gained mutation: You are partially covered in thin metallic
                  | scales. (AC +2) [potion of mutation]
  8133 | D:9      | Reached skill level 5 in Invocations
  8217 | D:8      | Noticed Psyche
  8324 | D:9      | Identified a scroll of acquirement
  8326 | D:9      | Got a steaming longbow
  8875 | D:9      | Noticed a troll
  8887 | D:9      | Killed a troll
  8887 | D:9      | Reached XP level 10. HP: 70/80 MP: 13/17
  9050 | D:8      | Killed Psyche
  9050 | D:8      | Reached skill level 5 in Short Blades
  9050 | D:8      | Reached skill level 5 in Long Blades
  9050 | D:8      | Reached skill level 5 in Axes
  9050 | D:8      | Reached skill level 5 in Polearms
  9050 | D:8      | Reached skill level 5 in Staves
  9050 | D:8      | Reached skill level 5 in Slings
  9050 | D:8      | Reached skill level 5 in Bows
  9050 | D:8      | Reached skill level 5 in Crossbows
  9050 | D:8      | Reached skill level 5 in Throwing
  9050 | D:8      | Reached skill level 5 in Dodging
  9050 | D:8      | Reached skill level 5 in Stealth
  9050 | D:8      | Reached skill level 5 in Unarmed Combat
  9050 | D:8      | Reached skill level 5 in Spellcasting
  9050 | D:8      | Reached skill level 5 in Evocations
  9319 | D:7      | Identified the +4 longbow of Waexyp {freeze, rF+ rN+ Int-2}
                  | (You acquired it on level 9 of the Dungeon)
  9637 | D:8      | Found an ancient bone altar of Kikubaaqudgha.
  9641 | D:8      | Found a shimmering blue altar of Sif Muna.
  9641 | D:8      | Found a glowing golden altar of the Shining One.
  9648 | D:8      | Found a burning altar of Makhleb.
  9648 | D:8      | Found a shimmering altar of Xom.
  9648 | D:8      | Found a burning altar of Makhleb.
  9735 | D:8      | Found a snail-covered altar of Cheibriados.
  9736 | D:8      | Found a glowing golden altar of the Shining One.
  9743 | D:8      | Became a worshipper of Cheibriados the Contemplative
  9792 | D:8      | Found a staircase to the Lair.
  9824 | D:10     | Entered Level 10 of the Dungeon
  9904 | D:10     | HP: 3/82 [very large slime creature (10)]
  9906 | D:10     | Slain by a very large slime creature

Levels and vault maps discovered:
D:1:      dpeg_arrival_arbitrary_a, layout_loops_corners, minmay_heptomino_d4
D:2:      layout_basic, lemuel_doored_altar, uniq_crazy_yiuf_cottage
D:3:      layout_basic, grunt_temple_overflow_growth_and_decay
D:4:      layout_loops_ring, bloody_makhleb, marbit_many_paths, serial_shops,
          kennysheep_mini
D:5:      layout_loops_ring, minmay_temple_entry_large_hall, first_ration
D:6:      layout_layer_cave, lemuel_coloured_pillars_altar, basic_altar
D:7:      layout_gridville
D:8:      layout_rooms, doesnt_xom_only_xom, minitemple, david_lair_shrubbed,
          uniq_psyche
D:9:      layout_irregular_city
D:10:     layout_basic, orc_0_dummy
Temple:   cyrus_circular_temple

Skill      XL: |  1  2  3  4  5  6  7  8  9 10 |
---------------+-------------------------------+-----
Invocations    | 1 2 3 4 5 |  5.8
Short Blades   | 1 2 3 4 5 |  5.3
Long Blades    | 1 2 3 4 5 |  5.3
Axes           | 1 2 3 4 5 |  5.3
Polearms       | 1 2 3 4 5 |  5.3
Staves         | 1 2 3 4 5 |  5.3
Slings         | 1 2 3 4 5 |  5.3
Bows           | 1 2 3 4 5 |  5.3
Crossbows      | 1 2 3 4 5 |  5.3
Throwing       | 1 2 3 4 5 |  5.3
Dodging        | 1 2 3 4 5 |  5.3
Stealth        | 1 2 3 4 5 |  5.3
Unarmed Combat | 1 2 3 4 5 |  5.3
Spellcasting   | 1 2 3 4 5 |  5.3
Evocations     | 1 2 3 4 5 |  5.3
Conjurations   | 1 2 3 4 |  4.4
Hexes          | 1 2 3 4 |  4.4
Charms         | 1 2 3 4 |  4.4
Summonings     | 1 2 3 4 |  4.4
Necromancy     | 1 2 3 4 |  4.4
Translocations | 1 2 3 4 |  4.4
Transmutations | 1 2 3 4 |  4.4
Fire Magic     | 1 2 3 4 |  4.4
Ice Magic      | 1 2 3 4 |  4.4
Air Magic      | 1 2 3 4 |  4.4
Earth Magic    | 1 2 3 4 |  4.4
Poison Magic   | 1 2 3 4 |  4.4
Maces & Flails | 5 6 7 |  7.1
Fighting       | 7 8 |  8.5
Armour         | 7 8 |  8.5
Shields        | 7 8 |  8.5

Action                   |  1- 3 |  4- 6 |  7- 9 | 10-12 || total
-------------------------+-------+-------+-------+-------++-------
Melee: Flail             |   126 |   222 |   542 |    56 ||   946
       Bite              |    12 |    26 |    83 |    28 ||   149
       Morningstar       |       |       |       |   118 ||   118
Evoke: Wand              |       |       |     1 |     2 ||     3
  Use: Scroll            |     3 |     2 |     9 |     2 ||    16
       Potion            |       |       |     6 |     2 ||     8
  Eat: Chunk             |     1 |     7 |    12 |     3 ||    23
       Ration            |       |       |     2 |       ||     2
Armor: Scale mail        |    49 |    14 |       |       ||    63
       Chain mail        |       |   115 |   313 |    98 ||   526
Dodge: Dodged            |    45 |    62 |   178 |    46 ||   331
Block: Shield            |    74 |   152 |   364 |    91 ||   681

Table legend:
 A = Non-vault XP
 B = Vault XP
 C = Vault XP percentage of total XP
 D = Non-vault monster count
 E = Vault monster count
 F = Vault count percentage of total count
                 A         B        C        D         E       F
            +---------+---------+-------+---------+---------+-------
      Total |    6341 |     948 |  13.0 |     236 |       6 |   2.5
            +---------+---------+-------+---------+---------+-------
        D:1 |      63 |       3 |   4.5 |      34 |       2 |   5.6
        D:2 |      77 |      40 |  34.2 |      21 |       1 |   4.5
        D:3 |     250 |       0 |   0.0 |      31 |       0 |   0.0
        D:4 |     638 |     116 |  15.4 |      22 |       1 |   4.3
        D:5 |     925 |       0 |   0.0 |      25 |       0 |   0.0
        D:6 |     673 |       0 |   0.0 |      17 |       0 |   0.0
        D:7 |    1227 |       0 |   0.0 |      32 |       0 |   0.0
        D:8 |    1062 |     789 |  42.6 |      25 |       2 |   7.4
        D:9 |     965 |       0 |   0.0 |      19 |       0 |   0.0
       D:10 |     461 |       0 |   0.0 |      10 |       0 |   0.0
            +---------+---------+-------+---------+---------+-------
